NCAA
ARKANSAS RAZORBACKS @ NEBRASKA CORNHUSKERS
04/09/2024
 
TOP OF THE 1ST
Arkansas Razorbacks batting - Pitching for Nebraska Cornhuskers : RHP Roy Mayer
Pitching: RHP Roy Mayer
Batting: LHB Nelson Cox 0-0: Ball
1-0: Ground out 2-3 (Groundball, 23)
Batting: RHB Stan Simpson 0-0: Ball
1-0: Ball
2-0: Ground out 6-3 (Groundball, 6)
Batting: LHB Fred Velázquez 0-0: SINGLE (Flyball, 9LS)
Batting: LHB Richard Hinkle 0-0: Ball
1-0: Ball
2-0: Ball
3-0: Called Strike
3-1: Ground out 4-3 (Groundball, 34)
Top of the 1st over - 0 run(s), 1 hit(s), 0 error(s), 1 left on base; Arkansas 0 - Nebraska 0
BOTTOM OF THE 1ST
Nebraska Cornhuskers batting - Pitching for Arkansas Razorbacks : RHP Dave Jones
Pitching: RHP Dave Jones
Batting: RHB Ralph Powell 0-0: Called Strike
0-1: Called Strike
0-2: Ball
1-2: Fly out, F3 (Popup, 34S)
Batting: LHB Clifton Fairchild 0-0: Fly out, F6 (Popup, 6D)
Batting: LHB Dennis Fontenot 0-0: Foul Ball, location: 2F
0-1: Foul Ball, location: 2F
0-2: Foul Ball, location: 2F
0-2: Ball
1-2: Ground out 4-3 (Groundball, 4)
Bottom of the 1st over - 0 run(s), 0 hit(s), 0 error(s), 0 left on base; Arkansas 0 - Nebraska 0
TOP OF THE 2ND
Arkansas Razorbacks batting - Pitching for Nebraska Cornhuskers : RHP Roy Mayer
Batting: RHB Santiago Rivera 0-0: Ball
1-0: Called Strike
1-1: Ball
2-1: Ground out 6-3 (Groundball, 6)
Batting: RHB Jon Anderson 0-0: SINGLE (Groundball, 4M)
Batting: LHB Paul Valentine 0-0: Ball
1-0: Ball
2-0: Swinging Strike
2-1: Fly out, F7 (Flyball, 7S)
Batting: LHB Martín Ortega 0-0: SINGLE (Line Drive, 4MD)
Jon Anderson to second
Batting: RHB Henry Fox 0-0: SINGLE (Line Drive, 8LS)
Jon Anderson to third
Martín Ortega to second
Batting: LHB Nelson Cox 0-0: Ball
1-0: Ball
2-0: Fly out, F8 (Line Drive, 8LS)
Top of the 2nd over - 0 run(s), 3 hit(s), 0 error(s), 3 left on base; Arkansas 0 - Nebraska 0
BOTTOM OF THE 2ND
Nebraska Cornhuskers batting - Pitching for Arkansas Razorbacks : RHP Dave Jones
Batting: LHB Gilberto Ramírez 0-0: Called Strike
0-1: Ball
1-1: Ball
2-1: Foul Ball, location: 2F
2-2: Ball
3-2: Ground out 4-3 (Groundball, 4M)
Batting: RHB Eugene Allen 0-0: Called Strike
0-1: Ball
1-1: Foul Ball, location: 2F
1-2: Ball
2-2: Strikes out swinging
Batting: RHB Spencer Saramio 0-0: Ball
1-0: SINGLE (Groundball, 5D)
Batting: RHB Ron Garrett 0-0: Ball
1-0: Called Strike
1-1: Fly out, F9 (Flyball, 9S)
Bottom of the 2nd over - 0 run(s), 1 hit(s), 0 error(s), 1 left on base; Arkansas 0 - Nebraska 0
TOP OF THE 3RD
Arkansas Razorbacks batting - Pitching for Nebraska Cornhuskers : RHP Roy Mayer
Batting: RHB Stan Simpson 0-0: Ground out 4-3 (Groundball, 4)
Batting: LHB Fred Velázquez 0-0: Called Strike
0-1: Ground out 4-3 (Groundball, 4)
Batting: LHB Richard Hinkle 0-0: Fly out, F8 (Line Drive, 8RM)
Top of the 3rd over - 0 run(s), 0 hit(s), 0 error(s), 0 left on base; Arkansas 0 - Nebraska 0
BOTTOM OF THE 3RD
Nebraska Cornhuskers batting - Pitching for Arkansas Razorbacks : RHP Dave Jones
Batting: LHB David Adams 0-0: Fly out, F8 (Flyball, 78M)
Batting: RHB Jesús Muńíz 0-0: Ball
1-0: Called Strike
1-1: Ball
2-1: Foul Ball, location: 2F
2-2: Foul Ball, location: 2F
2-2: Ball
3-2: Base on Balls
Batting: RHB Ralph Powell 0-0: Foul Ball, location: 2F
0-1: Foul Ball, location: 2F
0-2: Ball
1-2: Ball
2-2: Strikes out swinging
Batting: LHB Clifton Fairchild 0-0: Called Strike
0-1: Foul Ball, location: 2F
0-2: Ground out 4-3 (Groundball, 4)
Bottom of the 3rd over - 0 run(s), 0 hit(s), 0 error(s), 1 left on base; Arkansas 0 - Nebraska 0
TOP OF THE 4TH
Arkansas Razorbacks batting - Pitching for Nebraska Cornhuskers : RHP Roy Mayer
Batting: RHB Santiago Rivera 0-0: Foul Ball, location: 2F
0-1: Foul Ball, location: 2F
0-2: SINGLE (Flyball, 7LS)
Batting: RHB Jon Anderson 0-0: Foul Ball, location: 2F
0-1: Ball
1-1: Called Strike
1-2: Grounds into double play, 6-4-3 (Groundball, 6)
Batting: LHB Paul Valentine 0-0: Ground out 4-3 (Groundball, 4)
Top of the 4th over - 0 run(s), 1 hit(s), 0 error(s), 0 left on base; Arkansas 0 - Nebraska 0
BOTTOM OF THE 4TH
Nebraska Cornhuskers batting - Pitching for Arkansas Razorbacks : RHP Dave Jones
Batting: LHB Dennis Fontenot 0-0: Ball
1-0: Ball
2-0: Called Strike
2-1: Ball
3-1: Foul Ball, location: 2F
3-2: Base on Balls
Batting: LHB Gilberto Ramírez 0-0: Ball
Dennis Fontenot steals 2nd base
1-0: Swinging Strike
1-1: Fly out, F9 (Line Drive, 89M)
Batting: RHB Eugene Allen 0-0: Ball
1-0: Fly out, F9 (Flyball, 9LSF)
Batting: RHB Spencer Saramio 0-0: Ball
1-0: Ball
2-0: Foul Ball, location: 2F
2-1: Called Strike
2-2: Strikes out looking
Bottom of the 4th over - 0 run(s), 0 hit(s), 0 error(s), 1 left on base; Arkansas 0 - Nebraska 0
TOP OF THE 5TH
Arkansas Razorbacks batting - Pitching for Nebraska Cornhuskers : RHP Roy Mayer
Batting: LHB Martín Ortega 0-0: Fly out, F7 (Flyball, 7M)
Batting: RHB Henry Fox 0-0: Called Strike
0-1: Ball
1-1: Ball
2-1: Called Strike
2-2: Strikes out swinging passed ball, reaches first!
Batting: LHB Nelson Cox 0-0: Called Strike
Henry Fox steals 2nd base
0-1: Fly out, F9 (Flyball, 9M)
Batting: RHB Stan Simpson 0-0: Called Strike
0-1: Ball
1-1: Swinging Strike
1-2: Strikes out swinging
Top of the 5th over - 0 run(s), 0 hit(s), 0 error(s), 1 left on base; Arkansas 0 - Nebraska 0
BOTTOM OF THE 5TH
Nebraska Cornhuskers batting - Pitching for Arkansas Razorbacks : RHP Dave Jones
Batting: RHB Ron Garrett 0-0: Ball
1-0: Foul Ball, location: 2F
1-1: Called Strike
1-2: Foul Ball, location: 2F
1-2: Strikes out swinging
Batting: LHB David Adams 0-0: Ball
1-0: Ground out 6-3 (Groundball, 56)
Batting: RHB Jesús Muńíz 0-0: Ball
1-0: Called Strike
1-1: Called Strike
1-2: Strikes out swinging
Bottom of the 5th over - 0 run(s), 0 hit(s), 0 error(s), 0 left on base; Arkansas 0 - Nebraska 0
TOP OF THE 6TH
Arkansas Razorbacks batting - Pitching for Nebraska Cornhuskers : RHP Roy Mayer
Batting: LHB Fred Velázquez 0-0: Ground out 3-1 (Groundball, 34)
Batting: LHB Richard Hinkle 0-0: Called Strike
0-1: Fly out, F9 (Line Drive, 9M)
Batting: RHB Santiago Rivera 0-0: Ball
1-0: Foul Ball, location: 2F
1-1: Ball
2-1: Fly out, F7 (Flyball, 7S)
Top of the 6th over - 0 run(s), 0 hit(s), 0 error(s), 0 left on base; Arkansas 0 - Nebraska 0
BOTTOM OF THE 6TH
Nebraska Cornhuskers batting - Pitching for Arkansas Razorbacks : RHP Dave Jones
Batting: RHB Ralph Powell 0-0: Ball
1-0: Foul Ball, location: 2F
1-1: Ball
2-1: Called Strike
2-2: Fly out, F9 (Flyball, 9LS)
Batting: LHB Clifton Fairchild 0-0: Ball
1-0: Ball
2-0: Called Strike
2-1: Ground out 4-3 (Groundball, 34)
Batting: LHB Dennis Fontenot 0-0: Ball
1-0: Ground out U3 (Groundball, 3L)
Bottom of the 6th over - 0 run(s), 0 hit(s), 0 error(s), 0 left on base; Arkansas 0 - Nebraska 0
TOP OF THE 7TH
Arkansas Razorbacks batting - Pitching for Nebraska Cornhuskers : RHP Roy Mayer
Batting: RHB Jon Anderson 0-0: SOLO HOME RUN (Flyball, 8LXD), Distance : 410 ft
Batting: LHB Paul Valentine 0-0: Ball
1-0: Fly out, F8 (Flyball, 8LM)
Batting: LHB Martín Ortega 0-0: Called Strike
0-1: Called Strike
0-2: Strikes out looking
Batting: RHB Henry Fox 0-0: Foul Ball, location: 2F
0-1: Ball
1-1: Ball
2-1: Foul Ball, location: 2F
2-2: Strikes out looking
Top of the 7th over - 1 run(s), 1 hit(s), 0 error(s), 0 left on base; Arkansas 1 - Nebraska 0
BOTTOM OF THE 7TH
Nebraska Cornhuskers batting - Pitching for Arkansas Razorbacks : RHP Dave Jones
Pitching: RHP Jesús Medina
Batting: LHB Gilberto Ramírez 0-0: Ball
1-0: Ball
2-0: Swinging Strike
2-1: Called Strike
2-2: Fly out, F8 (Flyball, 78S)
Batting: RHB Eugene Allen 0-0: Ball
1-0: Ball
2-0: Foul Ball, location: 2F
2-1: Ground out 5-3 (Groundball, 56)
Batting: RHB Spencer Saramio 0-0: Called Strike
0-1: Fly out, F8 (Flyball, 78M)
Bottom of the 7th over - 0 run(s), 0 hit(s), 0 error(s), 0 left on base; Arkansas 1 - Nebraska 0
TOP OF THE 8TH
Arkansas Razorbacks batting - Pitching for Nebraska Cornhuskers : RHP Roy Mayer
Batting: LHB Nelson Cox 0-0: Foul Ball, location: 2F
0-1: Ball
1-1: Ball
2-1: Ball
3-1: Swinging Strike
3-2: Strikes out looking
Batting: RHB Stan Simpson 0-0: Ball
1-0: Foul Ball, location: 2F
1-1: Foul Ball, location: 2F
1-2: Foul Ball, location: 2F
1-2: Ball
2-2: Foul Ball, location: 2F
2-2: SINGLE (Line Drive, 4D)
Pitching: RHP James Burke
Batting: LHB Fred Velázquez 0-0: Ball
1-0: Ball
2-0: Fly out, F8 (Line Drive, 8RM)
Batting: LHB Richard Hinkle 0-0: Ball
1-0: Called Strike
1-1: 2-RUN HOME RUN (Flyball, 8LXD), Distance : 390 ft
Batting: RHB Santiago Rivera 0-0: Ball
1-0: Ball
2-0: Swinging Strike
2-1: Ground out 5-3 (Groundball, 56)
Top of the 8th over - 2 run(s), 2 hit(s), 0 error(s), 0 left on base; Arkansas 3 - Nebraska 0
BOTTOM OF THE 8TH
Nebraska Cornhuskers batting - Pitching for Arkansas Razorbacks : RHP Jesús Medina
Batting: RHB Ron Garrett 0-0: Called Strike
0-1: Swinging Strike
0-2: Ground out 6-3 (Groundball, 6S)
Batting: LHB David Adams 0-0: Ball
1-0: Ground out U3 (Groundball, 3L)
Batting: RHB Jesús Muńíz 0-0: Swinging Strike
0-1: Ball
1-1: Swinging Strike
1-2: Foul Ball, location: 2F
1-2: Ball
2-2: SINGLE (Groundball, 4MD)
Pitching: RHP Dan Bailey
Batting: RHB Ralph Powell 0-0: Ball
Pickoff Throw to First - Out!
Bottom of the 8th over - 0 run(s), 1 hit(s), 0 error(s), 0 left on base; Arkansas 3 - Nebraska 0
TOP OF THE 9TH
Arkansas Razorbacks batting - Pitching for Nebraska Cornhuskers : RHP James Burke
Pitching: RHP Steve Frederick
Batting: RHB Jon Anderson 0-0: Swinging Strike
0-1: Foul Ball, location: 2F
0-2: Ball
1-2: Ball
2-2: Foul Ball, location: 2F
2-2: Ball
3-2: Foul Ball, location: 2F
3-2: Strikes out swinging
Batting: LHB Paul Valentine 0-0: Ball
1-0: Ball
2-0: Ball
3-0: Called Strike
3-1: Base on Balls
Batting: LHB Martín Ortega 0-0: Foul Ball, location: 2F
0-1: Foul Ball, location: 2F
0-2: Ball
1-2: Ball
2-2: Foul Ball, location: 2F
2-2: Strikes out swinging
Batting: RHB Henry Fox 0-0: Called Strike
0-1: Ball
1-1: Foul Ball, location: 2F
1-2: Strikes out swinging
Top of the 9th over - 0 run(s), 0 hit(s), 0 error(s), 1 left on base; Arkansas 3 - Nebraska 0
BOTTOM OF THE 9TH
Nebraska Cornhuskers batting - Pitching for Arkansas Razorbacks : RHP Dan Bailey
Now at 3B: Earl Willis
Batting: RHB Ralph Powell 0-0: Ball
1-0: Ball
2-0: Called Strike
2-1: Ball
3-1: Called Strike
3-2: Strikes out swinging
Pitching: RHP Logan Webster
Batting: LHB Clifton Fairchild 0-0: Ball
1-0: Ball
2-0: Called Strike
2-1: Ground out 4-3 (Groundball, 4)
Batting: LHB Dennis Fontenot 0-0: Ball
1-0: Ball
2-0: Called Strike
2-1: Called Strike
2-2: Ball
3-2: Foul Ball, location: 2F
3-2: Base on Balls
Batting: LHB Gilberto Ramírez 0-0: 2-RUN HOME RUN (Line Drive, 9D), Distance : 354 ft
Batting: RHB Eugene Allen 0-0: Called Strike
0-1: Swinging Strike
0-2: Ball
1-2: Ball
2-2: Ball
3-2: Strikes out looking
Bottom of the 9th over - 2 run(s), 1 hit(s), 0 error(s), 0 left on base; Arkansas 3 - Nebraska 2
This league is powered by Out of the Park Baseball, the baseball management simulation game for PC, Mac and Linux
Saturday, April 9th, 2016 - OOTP Baseball 16.8 Build 38